 Dungeon Crawl Stone Soup version 0.17-a0-1945-gfe993df (webtiles) character file.

84 4thArraOfDagon the Chopper (level 4, -9/27 HPs)
             Began as a Tengu Gladiator on Sept 30, 2015.
             Mangled by HungrySpirit's ghost (11 damage)
             ... on level 4 of the Dungeon.
             The game lasted 00:05:33 (962 turns).

4thArraOfDagon the Chopper (Tengu Gladiator)         Turns: 962, Time: 00:05:34

Health: -9/27      AC:  6    Str: 16      XL:     4   Next: 46%
Magic:  5/5        EV: 10    Int:  9      God:
Gold:   62         SH:  0    Dex: 11 (14) Spells: 0 memorised, 3 levels left

rFire  . . .     SeeInvis +     b - +0 hand axe (elec)
rCold  . . .     Clarity  .     q - +0 scale mail
rNeg   . . .     SustAt   .     (no shield)
rPois  .         Gourm    .     c - +0 hat
rElec  .         Spirit   .     (no cloak)
rCorr  .         Warding  .     (no gloves)
rMut   .         Stasis   +     (boots unavailable)
MR     .....                    p - amulet of stasis
Stlth  ..........               r - ring of see invisible
                                n - ring of teleportation (curse)

@: not resistant to hostile enchantments, extremely unstealthy
A: beak, talons 3
a: Evoke Teleportation


You were on level 4 of the Dungeon.
You were not hungry.

You visited 1 branch of the dungeon, and saw 4 of its levels.

You collected 62 gold pieces.

Inventory:

Hand weapons
 a - a +0 war axe
 b - a +0 hand axe of electrocution (weapon)
Missiles
 d - a throwing net (quivered)
 v - 8 curare-tipped needles
Armour
 c - a +0 hat (worn)
 q - a +0 scale mail (worn)
Jewellery
 n - a cursed ring of teleportation (left hand)
 p - an amulet of stasis (around neck)
 r - a ring of see invisible (right hand)
Scrolls
 f - a scroll of remove curse {unknown}
 g - 5 scrolls of identify {unknown}
 h - a scroll of magic mapping {unknown}
 u - a scroll of blinking {unknown}
Potions
 i - a potion of brilliance {unknown}
 j - a potion of curing {unknown}
 l - a potion of invisibility {unknown}
 m - a potion of magic {unknown}
 o - a potion of cancellation {unknown}
 t - a potion of cure mutation {unknown}
Comestibles
 e - 2 bread rations
 k - a royal jelly
 s - a chunk of flesh


   Skills:
 + Level 2.8 Fighting
 * Level 4.5 Axes
 - Level 2.1 Throwing
 + Level 4.1 Dodging


You had 3 spell levels left.
You didn't know any spells.

Dungeon Overview and Level Annotations

Branches:
Dungeon (4/15)
 Temple: D:4-7

Altars:
Ru
Vehumet

Annotations:
D:4 HungrySpirit's ghost, average CeAM


Innate Abilities, Weirdness & Mutations

You have a beak for a mouth.
You have claws for feet.


Message History

Found 19 gold pieces.
Unknown command.
There is an open door here.
Unknown command.
You close the door.
HungrySpirit's ghost opens the door.
You see here 19 gold pieces.
You now have 62 gold pieces (gained 19).
HungrySpirit's ghost hits you!
An adder comes into view.
HungrySpirit's ghost lets out a mournful wail.
HungrySpirit's ghost hits you but does no damage.
HungrySpirit's ghost hits you!
* * * LOW HITPOINT WARNING * * *
Unknown command.
Unknown command.
Unknown command.
HungrySpirit's ghost says, "Do you have an apple?
I have a shot I want to try."
HungrySpirit's ghost hits you!
You die...

.. ..# ... #.#
#.# #.#
#.########
#.@.......
##W########
#######.S.##
...........##
######......#
#....#.≈≈≈S≈≈≈
###.##########
#.# ##'##


You could see HungrySpirit's ghost and an adder.

Vanquished Creatures
  5 adders
  A worm (D:2)
  4 orcs
  3 bats
  A giant cockroach (D:1)
  4 goblins
  4 jackals
  2 kobolds (D:2)
  A giant gecko (D:2)
  2 giant newts (D:2)
  A quokka (D:2)
  7 rats
35 creatures vanquished.

Notes
Turn   | Place    | Note
--------------------------------------------------------------
     0 | D:1      | 4thArraOfDagon the Tengu Gladiator began the quest for the Orb.
     0 | D:1      | Reached XP level 1. HP: 12/12 MP: 2/2
    94 | D:2      | Reached XP level 2. HP: 2/17 MP: 3/3
   242 | D:2      | Reached XP level 3. HP: 13/22 MP: 4/4
   331 | D:2      | Found a sacrificial altar of Ru.
   377 | D:2      | Reached skill level 4 in Axes
   589 | D:3      | Reached XP level 4. HP: 19/27 MP: 5/5
   902 | D:3      | Found a radiant altar of Vehumet.
   946 | D:4      | Noticed HungrySpirit's ghost (average CeAM)
   962 | D:4      | Mangled by HungrySpirit's ghost

Vault maps used:
D:1:      saegor_arrival_simple_d
D:2:      old_standard_altar, first_bread
D:3:      fiery_altar_vehumet, elyvilon_altar_1
D:4:      minmay_temple_entry_mist, portal_sewer_entry_d

Action                   |  1- 3 |  4- 6 || total
-------------------------+-------+-------++-------
Melee: War axe           |    71 |     7 ||    78
       Hand axe          |       |    19 ||    19
Throw: Throwing net      |    19 |     2 ||    21
  Use: Potion            |     1 |       ||     1
 Stab: Held in net/web   |     7 |     2 ||     9
       Sleeping          |     1 |       ||     1
